Map: Protocole central

Players

ALDUIN

  • Race: Zerg Zerg
  • League: Bronze
  • Spawn Location: 11:00

zidar - Winner!

  • Race: Zerg Zerg
  • Spawn Location: 1:00

VOD

Have the link to the VOD?

Description

Time

  • Played on: Nov. 13, 2015, 10:25 a.m.
  • Length: 14:24
Show
View Real Time Build Order
Export as new Build Order

ALDUIN Zerg 

Build Orders: Pool First 

Get SALT Encoding   

  12  0:05  Drone  
  13  0:08  Drone  
  14  0:17  Overlord  
  14  0:27  Overlord  
  14  0:36  Drone  
  15  0:45  Drone  
  16  0:56  Spawning Pool  
  15  0:57  Drone  
  16  1:26  Drone  
  16  1:27  Drone x2  
  16  1:30  Extractor  
  16  1:31  Hatchery  
  17  1:44  Queen  
  19  1:49  Zergling x4  
  21  2:16  Zergling x2  
  21  2:17  Zergling x2  
  23  2:39  Metabolic Boost  
  23  2:47  Drone  
  23  2:48  Queen  
  23  2:50  Overlord  
  26  2:56  Drone x2  
  28  2:59  Extractor  
  28  3:05  Roach Warren  
  26  3:19  Drone x3  
  29  3:41  Zergling x2  
  29  3:42  Zergling x8  
  34  3:56  Roach  
  34  3:57  Roach x2  
  40  4:11  Drone  
  41  4:26  Roach  
  41  4:29  Overlord  
  41  4:30  Overlord  
  43  4:40  Ravager  
  43  4:43  Overlord x2  
  44  4:49  Drone x2  
  46  4:54  Roach  
  46  4:57  Ravager  
  46  4:58  Ravager x2  
  51  5:11  Drone x2  
  53  5:19  Evolution Chamber  
  53  5:21  Evolution Chamber  
  51  5:24  Drone x3  
  54  5:28  Spine Crawler  
  54  5:34  Drone x3  
  56  5:40  Roach x7  
  70  5:45  Zerg Missile Weapons Level 1  
  70  5:52  Zerg Ground Armor Level 1  
  71  6:04  Extractor, Drone x3  
  72  6:21  Lair  
  72  6:27  Baneling Nest  
  71  6:35  Spine Crawler  
  71  6:36  Drone x2  
  72  6:42  Roach  
  72  6:43  Roach  
  72  6:45  Overlord x3  
  76  7:23  Extractor  
  76  7:27  Spire  
  74  7:40  Zerg Missile Weapons Level 2  
  74  8:00  Spore Crawler x2  
  74  8:02  Spore Crawler  
  74  8:04  Spore Crawler  
  70  8:06  Spore Crawler  
  62  8:32  Spore Crawler x2  
  62  8:33  Spore Crawler  
  55  8:34  Spore Crawler  
  55  8:35  Queen, Spore Crawler  
  43  9:13  Hatchery  
  33  9:25  Hydralisk Den  
  18  9:38  Zergling x24  
  15  9:39  Zergling x4  
  26  10:06  Hydralisk  
  28  10:15  Hydralisk  
  30  10:43  Hydralisk  
  30  10:47  Drone  
  33  11:00  Drone  
  28  11:22  Drone x2  
  28  11:24  Drone  
  31  11:48  Drone  
  31  11:49  Drone x2  
  31  11:53  Hydralisk  
  36  12:13  Drone x3  
  25  12:45  Spawning Pool  
  22  13:06  Drone x2  
  22  13:07  Drone x4  
  28  13:35  Drone x3  
  31  13:45  Spore Crawler  
  30  13:57  Drone  
  30  13:58  Drone  
Show
View Real Time Build Order
Export as new Build Order

zidar Zerg - Winner!

Build Orders: Hatch First 

Get SALT Encoding   

  12  0:01  Drone  
  13  0:12  Overlord  
  13  0:16  Drone  
  14  0:31  Drone x2  
  16  1:04  Hatchery  
  16  1:07  Spawning Pool  
  14  1:14  Extractor, Drone  
  14  1:17  Drone  
  15  1:22  Drone  
  16  1:59  Baneling Nest  
  15  2:02  Drone x2  
  15  2:03  Drone  
  18  2:14  Queen  
  20  2:30  Overlord x2  
  20  2:32  Overlord  
  20  2:39  Zergling x2  
  21  2:48  Zergling x4  
  23  2:59  Baneling x2  
  23  3:04  Queen  
  25  3:16  Baneling  
  25  3:28  Lair  
  25  3:33  Extractor  
  24  3:35  Drone x5  
  24  3:40  Extractor  
  28  3:42  Extractor  
  27  4:10  Drone x7  
  34  4:25  Roach Warren  
  33  5:01  Drone x9  
  42  5:07  Glial Reconstitution  
  40  5:24  Spire  
  39  5:44  Roach  
  39  5:45  Roach  
  43  5:52  Overlord  
  43  5:53  Overlord x2  
  43  6:11  Drone  
  43  6:12  Drone x6  
  50  6:35  Mutalisk x7  
  64  6:47  Zerg Flyer Weapons Level 1  
  64  6:50  Mutalisk  
  66  6:56  Overlord x2  
  66  7:02  Drone  
  66  7:08  Overlord x2  
  67  7:16  Mutalisk x5  
  77  7:33  Mutalisk x5  
  87  7:55  Mutalisk  
  87  7:56  Mutalisk x2  
  87  8:38  Mutalisk  
  87  8:39  Mutalisk x4  
  95  8:55  Mutalisk  
  79  9:54  Hatchery  
  78  10:03  Hatchery  
  75  10:51  Hatchery  
  74  11:16  Zergling x2  
  74  11:18  Zergling x2  
  76  11:19  Zergling x2  
  77  11:43  Metabolic Boost  
  38  13:13  Mutalisk x12  
Tags
 
Add a new tag
Caveats
  • Supply blocks, unpowered buildings, or Contaminate may cause inaccurate times.
  • Supply counts are checked every 10 seconds.